 Dungeon Crawl Stone Soup version 0.30-a0-556-g0a0f5a245f (webtiles) character file.

Game seed: 13315397396588232161

20981 Bnni the Skirmisher (level 13, -4/101 HPs)
             Began as a Formicid Hexslinger on Dec 27, 2022.
             Was a High Priest of Okawaru.
             Slain by a death yak (18 damage)
             ... in an ice cave.
             The game lasted 00:39:02 (14913 turns).

Bnni the Skirmisher (Formicid Hexslinger)          Turns: 14913, Time: 00:39:03

Health: -4/101     AC: 25    Str: 15    XL:     13   Next: 16%
Magic:  5/20       EV: 15    Int: 16    God:    Okawaru [*****.]
Gold:   2138       SH:  7    Dex: 16    Spells: 3/19 levels left

rFire   + . .      SeeInvis +    s - +7 staff of the Meek {protect, meekguard}
rCold   + . .      Faith    .    X - +1 buckler {rC+}
rNeg    . . .      Spirit   .    Q - +1 robe {Will+}
rPois   .          Reflect  .    (helmet unavailable)
rElec   .          Harm     .    u - +0 cloak
rCorr   .          Rampage  .    H - +0 pair of gloves
Will    ++...                    t - +0 pair of boots
Stlth   +++                      (no amulet)
HPRegen 0.36/turn                F - ring of protection from fire
MPRegen 0.17/turn                c - +4 ring of protection

@: mighty, heroic, finesse-ful, under a protective aura, studying Axes
A: permanent stasis, dig shafts and tunnels, antennae 3, four strong arms
a: Dig, Renounce Religion, Heroism, Finesse, Duel


You were in an ice cave.
You worshipped Okawaru.
Okawaru was extremely pleased with you.
You visited 2 branches of the dungeon, and saw 12 of its levels.
You also visited: Ossuary and Ice Cave.

You collected 2735 gold pieces.
You spent 597 gold pieces at shops.

Inventory:

Hand Weapons
 a - a +0 arbalest
 s - the +7 staff of the Meek (weapon) {protect, meekguard}
   (You found it on level 3 of the Dungeon)

   It grants its wielder temporary protection when it strikes (+7 to AC).
   It provides extra protection to wielders with little health.
 M - a +1 shortbow of freezing
Missiles
 T - a boomerang of dispersal
 W - a curare-tipped dart
Armour
 t - a +0 pair of boots (worn)
 u - a +0 cloak (worn)
 D - an orb of light
 H - a +0 pair of gloves (worn)
 P - a +0 kite shield of cold resistance
 Q - a +1 robe of willpower (worn)
 X - a +1 buckler of cold resistance (worn)
Jewellery
 c - a +4 ring of protection (right hand)
 d - a +6 ring of intelligence
 f - a ring of willpower
 F - a ring of protection from fire (left hand)
 L - a ring of fire
 S - a +6 ring of strength
 U - a ring of magical power
Wands
 k - a wand of roots (16)
 l - a wand of mindburst (5)
 J - a wand of light (17)
 N - a wand of flame (12)
Scrolls
 b - a scroll of poison
 e - 2 scrolls of immolation
 h - 3 scrolls of enchant weapon
 o - 2 scrolls of silence
 p - 3 scrolls of magic mapping
 z - a scroll of vulnerability
 B - 3 scrolls of brand weapon
 E - 2 scrolls of fog
 I - 2 scrolls of enchant armour
 K - 3 scrolls of amnesia
Potions
 g - 3 potions of degeneration {unknown}
 i - 2 potions of might
 j - a potion of cancellation {unknown}
 m - 6 potions of curing
 n - 4 potions of mutation {unknown}
 q - a potion of haste {unknown}
 r - 3 potions of resistance
 v - 4 potions of attraction {unknown}
 w - 2 potions of ambrosia {unknown}
 y - 3 potions of brilliance {unknown}
 A - a potion of magic {unknown}
 C - 2 potions of berserk rage {unknown}
 G - a potion of invisibility {unknown}
 O - 2 potions of flight {unknown}
 V - a potion of experience {unknown}


   Skills:
 + Level 9.5(14.5) Fighting
 * Level 12.5(17.5) Ranged Weapons
 - Level 1.7(6.7) Dodging
 + Level 4.2(9.2) Shields
 - Level 3.5 Spellcasting
 + Level 11.6 Hexes
 - Level 3.0 Translocations
 - Level 5.0 Transmutations
 - Level 3.0 Fire Magic
 + Level 9.7 Invocations


You had 3 spell levels left.
You knew the following spells:

 Your Spells              Type           Power      Damage    Failure   Level
a - Slow                  Hex            100%       N/A       1%          1
b - Inner Flame           Hex/Fire       26%        N/A       3%          3
c - Portal Projectile     Hex/Tloc       52%        N/A       3%          3
d - Cause Fear            Hex            20%        N/A       1%          4
i - Yara's Violent Unrav  Hex/Tmut       14%        3d7       19%         5

Your spell library contained the following spells:

 Spells                   Type           Power      Damage    Failure   Level
 Ensorcelled Hibernation  Hex/Ice        42%        N/A       2%          2
 Apportation              Tloc           24%        N/A       6%          1
 Magic Dart               Conj           8%         1d3       21%         1
 Necrotise                Necr           8%         1d4       21%         1
 Spider Form              Tmut/Pois      10%        N/A       22%         3
 Searing Ray              Conj           4%         2d4       30%         2
 Frozen Ramparts          Ice            4%         1d1       52%         3
 Hailstorm                Conj/Ice       2%         3d3       52%         3
 Anguish                  Hex/Necr       10%        N/A       19%         4
 Fulminant Prism          Conj/Hex       10%        3d8       19%         4
 Silence                  Hex/Air        10%        N/A       45%         5
 Passage of Golubria      Tloc           12%        N/A       52%         4
 Ice Form                 Ice/Tmut       10%        N/A       58%         4
 Airstrike                Air            1%         2d(1-17)  90%         4
 Alistair's Intoxication  Tmut/Pois      6%         N/A       90%         5
 Lightning Bolt           Conj/Air       1%         1d12      99%         5
 Lehudib's Crystal Spear  Conj/Erth      1%         10d2      100%        8
 Tukima's Dance           Hex            Unusable   N/A       N/A         3
 Summon Small Mammal      Summ           Unusable   N/A       N/A         1
 Summon Ice Beast         Ice/Summ       Unusable   N/A       N/A         4
 Summon Lightning Spire   Summ/Air       Unusable   N/A       N/A         4
 Simulacrum               Ice/Necr       Unusable   N/A       N/A         6

Dungeon Overview and Level Annotations

Branches:
Dungeon (11/15)            Temple (1/1) D:4            Lair (0/5) D:9
    Orc (0/2) D:9         Ossuary (visited)           IceCv (1/1)

Altars:
Ashenzari
Cheibriados
Dithmenos
Elyvilon
Fedhas
Gozag
Hepliaklqana
Kikubaaqudgha
Makhleb
Nemelex Xobeh
Okawaru
Qazlal
Ru
Sif Muna
Trog
Uskayaw
Vehumet
Wu Jian
Xom
Yredelemnul
Zin
The Shining One

Shops:
D:5 !(   D:6 :


Innate Abilities, Weirdness & Mutations

You cannot be hasted, slowed, berserked, paralysed or teleported.
You can dig through walls and to a lower floor.
You have a pair of large antennae on your head. (SInv)
Your four strong arms can wield two-handed weapons with a shield.


Message History

You hit the death yak.
The death yak is moderately wounded.
The death yak gores you but does no damage.
You gain the combat prowess of a mighty hero.
The death yak gores you but does no damage.
You hit the death yak but do no damage.
The death yak is moderately wounded.
You block the death yak's attack.
You sock the death yak!
The death yak is heavily wounded.
You hear a bellow!
The death yak gores you but does no damage.
You barely miss the death yak.
The death yak is heavily wounded.
The death yak gores you!
* * * LOW HITPOINT WARNING * * *
You can now deal lightning-fast blows.
The death yak misses you.
You bludgeon the death yak!!
The death yak is severely wounded.
The death yak gores you but does no damage.
You hit the death yak.
The death yak is severely wounded.
You hit the death yak but do no damage.
The death yak is severely wounded.
The death yak gores you but does no damage.
You hit the death yak.
The death yak is severely wounded.
You hit the death yak.
The death yak is severely wounded.
The death yak gores you!
* * * LOW HITPOINT WARNING * * *
You hear a howl!
You feel better. The death yak gores you.
* * * LOW HITPOINT WARNING * * *
You feel better.
The death yak gores you but does no damage.
You feel very mighty all of a sudden. The death yak gores you!!
You die...

{Y.# {.# {..## .{##
#..### ####.###≈ ###
###.p..#≈≈≈
###Y#####[.##.#≈≈≈≈
###.@#{##..#.#..≈≈≈≈≈
#..####{.######.##≈≈≈
###..# ####### ###≈≈≈≈
##...## ###...####≈≈≈≈≈
#..⌠..###...#....######
##...###..####.....##..
##......## ##......##
######## ########


You could see a death yak.

Vanquished Creatures
  An ogre mage (D:10)
  2 ironbound frosthearts (IceCv)
  2 two-headed ogres (D:10)
  3 death yaks (IceCv)
  An orc high priest (D:10)
  2 ugly things
  An ice statue (IceCv)
  Joseph (D:7)
  A rime drake (D:9)
  An unseen horror (D:11)
  A hornet (D:10)
  8 polar bears (IceCv)
  A vampire (D:9)
  A wraith (D:11)
  34 yaks
  Eustachio (D:4)
  Edmund (D:3)
  Duvessa (D:7)
  8 orc warriors
  The ghost of bosakos the Chopper, an amateur HOMo (D:3)
  A boggart (D:10)
  4 ice beasts
  2 black bears (D:6)
  4 ogres
  23 wolves
  2 centaurs
  A kobold brigand (D:10)
  3 phantoms
  A bullfrog (D:7)
  3 scorpions
  A necrophage (D:8)
  A two-headed ogre simulacrum (D:11)
  2 gnoll sergeants (D:10)
  Dowan (D:7)
  4 wights
  7 killer bees
  An electric eel (D:6)
  2 centaur zombies (Ossuary)
  2 howler monkeys (D:5)
  4 human zombies (Ossuary)
  A hound (D:4)
  9 orc priests
  A jelly (D:7)
  A gnoll bouda (D:7)
  Crazy Yiuf (D:4)
  An iguana (D:5)
  13 orc wizards
  3 spriggan simulacra (D:11)
  A troll simulacrum (D:11)
  2 mummies (Ossuary)
  3 gnolls (D:10)
  A naga simulacrum (D:11)
  3 adders
  A shadow imp (D:8)
  3 ufetubi
  2 adder zombies (Ossuary)
  2 dart slugs
  50 orcs
  2 ball pythons
  12 endoplasms
  A giant cockroach (D:1)
  5 goblins
  6 hobgoblins
  4 jackals (D:2)
  12 kobolds
  5 quokkas
  3 training dummies (D:5)
  8 bats
  9 frilled lizards
  6 hobgoblin zombies (Ossuary)
  A jackal zombie (Ossuary)
  10 kobold zombies (Ossuary)
  12 orc zombies (Ossuary)
  4 rats
339 creatures vanquished.

Notes
Turn   | Place    | Note
-------+----------+-------------------------------------------
     0 | D:1      | Bnni the Formicid Hexslinger began the quest for the Orb.
     0 | D:1      | Reached XP level 1. HP: 15/15 MP: 2/2
   112 | D:1      | Reached XP level 2. HP: 21/21 MP: 3/3
   245 | D:1      | Reached XP level 3. HP: 19/26 MP: 5/5
   262 | D:1      | Learned a level 3 spell: Inner Flame
   965 | D:2      | Reached XP level 4. HP: 33/33 MP: 6/6
  1055 | D:2      | Identified the +2 spear of Thoughtfulness {spect, Int+3}
  1516 | D:3      | Reached skill level 3 in Ranged Weapons
  1819 | D:3      | Found a runed translucent gate.
  1819 | D:3      | Found a runed translucent gate.
  1820 | D:3      | Found a runed translucent gate.
  1821 | D:3      | Noticed bosakos's ghost (amateur HOMo)
  2082 | D:3      | Found the +7 staff of the Meek {protect, meekguard}
  2179 | D:3      | Reached skill level 1 in Fire Magic
  2179 | D:3      | Reached XP level 5. HP: 31/38 MP: 7/7
  2222 | D:3      | Killed bosakos's ghost
  2223 | D:3      | Reached skill level 5 in Hexes
  2223 | D:3      | Reached XP level 6. HP: 39/46 MP: 7/9
  2481 | D:4      | Noticed Eustachio
  2489 | D:4      | Noticed Edmund
  2490 | D:4      | Killed Eustachio
  2491 | D:4      | Reached skill level 4 in Ranged Weapons
  2491 | D:4      | Reached XP level 7. HP: 40/51 MP: 4/10
  2532 | D:3      | Killed Edmund
  2691 | D:4      | Found a burning altar of Makhleb.
  2928 | D:4      | Found a staircase to the Ecumenical Temple.
  2937 | Temple   | Entered the Ecumenical Temple
  2946 | Temple   | Became a worshipper of Warmaster Okawaru
  2959 | D:4      | Learned a level 3 spell: Portal Projectile
  2964 | D:4      | Learned a level 4 spell: Cause Fear
  3114 | D:4      | Found a runed translucent door.
  3115 | D:4      | Noticed Crazy Yiuf
  3120 | D:4      | Killed Crazy Yiuf
  3447 | D:4      | Reached skill level 1 in Invocations
  3447 | D:4      | Reached XP level 8. HP: 51/58 MP: 10/12
  3518 | D:5      | Entered Level 5 of the Dungeon
  3525 | D:5      | Found Rocag's Firing Range.
  3553 | D:5      | Bought a +0 arbalest for 58 gold pieces
  3553 | D:5      | Bought a throwing net for 39 gold pieces
  3641 | D:5      | Found Nuemoefema's Distillery.
  3651 | D:5      | Bought a potion of heal wounds for 50 gold pieces
  3651 | D:5      | Bought a potion of curing for 30 gold pieces
  3681 | D:5      | Found a snail-covered altar of Cheibriados.
  3743 | D:5      | Reached skill level 5 in Ranged Weapons
  4053 | D:5      | Reached * piety under Okawaru
  4823 | D:6      | Found a sand-covered staircase.
  4828 | Ossuary  | Entered an ossuary
  4958 | Ossuary  | Reached skill level 6 in Ranged Weapons
  4974 | Ossuary  | Reached XP level 9. HP: 35/66 MP: 11/14
  5362 | D:6      | Found Suyparch's Book Shop.
  5461 | D:6      | Found a radiant altar of Vehumet.
  5501 | D:6      | Found an opulent altar of Gozag.
  5534 | D:6      | Reached skill level 5 in Fighting
  5618 | D:6      | Reached ** piety under Okawaru
  5619 | D:6      | Reached skill level 7 in Ranged Weapons
  6001 | D:7      | Noticed Joseph
  6010 | D:7      | Killed Joseph
  6246 | D:7      | Noticed Duvessa
  6246 | D:7      | Noticed Dowan
  6253 | D:7      | Killed Duvessa
  6265 | D:7      | Killed Dowan
  6642 | D:7      | Reached skill level 5 in Invocations
  6876 | D:7      | Reached *** piety under Okawaru
  6877 | D:7      | Reached XP level 10. HP: 76/76 MP: 15/15
  6981 | D:7      | Reached skill level 8 in Ranged Weapons
  7485 | D:8      | Reached **** piety under Okawaru
  7486 | D:8      | Reached skill level 9 in Ranged Weapons
  7980 | D:6      | Bought Great Wizards, Vol. VII for 420 gold pieces
  7986 | D:6      | Learned a level 5 spell: Yara's Violent Unravelling
  8267 | D:9      | Noticed a rime drake
  8277 | D:9      | Reached skill level 1 in Transmutations
  8283 | D:9      | Killed a rime drake
  8509 | D:9      | Found a staircase to the Lair.
  8720 | D:9      | Reached XP level 11. HP: 30/84 MP: 13/16
  9376 | D:9      | Found a staircase to the Orcish Mines.
  9673 | D:10     | Entered Level 10 of the Dungeon
  9728 | D:10     | Reached skill level 10 in Ranged Weapons
  9791 | D:10     | Reached skill level 1 in Translocations
  9877 | D:10     | Noticed a two-headed ogre
  9903 | D:10     | Reached skill level 10 in Hexes
  9915 | D:10     | Noticed a two-headed ogre
 10099 | D:10     | Killed a two-headed ogre
 10113 | D:10     | Killed a two-headed ogre
 10283 | D:10     | Received a gift from Okawaru
 10895 | D:10     | Found a sacrificial altar of Ru.
 11208 | D:10     | Noticed an ogre mage
 11208 | D:10     | Noticed an orc high priest
 11208 | D:10     | Noticed a brown ugly thing
 11217 | D:10     | Noticed a sun demon
 11219 | D:10     | Killed a brown ugly thing
 11220 | D:10     | Killed an ogre mage
 11220 | D:10     | Reached ***** piety under Okawaru
 11225 | D:10     | Killed an orc high priest
 11226 | D:10     | Reached XP level 12. HP: 83/93 MP: 4/18
 11677 | D:11     | Reached skill level 11 in Ranged Weapons
 11753 | D:11     | Found a frozen archway.
 11771 | D:11     | Identified 2 scrolls of acquirement
 11775 | D:11     | Acquired 1104 gold pieces
 11777 | D:11     | Acquired 665 gold pieces
 11789 | IceCv    | Entered an ice cave
 12422 | IceCv    | Reached skill level 5 in Transmutations
 13611 | IceCv    | Reached skill level 1 in Shields
 14081 | IceCv    | Noticed a death yak
 14100 | IceCv    | Killed a death yak
 14101 | IceCv    | Reached skill level 12 in Ranged Weapons
 14795 | IceCv    | Noticed a death yak
 14795 | IceCv    | Noticed a death yak
 14795 | IceCv    | Noticed a death yak
 14795 | IceCv    | Noticed a death yak
 14796 | IceCv    | Noticed an ironbound frostheart
 14796 | IceCv    | Noticed an ironbound frostheart
 14813 | IceCv    | Killed an ironbound frostheart
 14814 | IceCv    | Reached XP level 13. HP: 66/101 MP: 14/20
 14852 | IceCv    | Identified the +6 plate armour "Ufosup" {-Cast Fly rC++
                  | Stlth+} (Okawaru gifted it to you in an ice cave)
 14852 | IceCv    | Received a gift from Okawaru
 14887 | IceCv    | Killed an ironbound frostheart
 14913 | IceCv    | Slain by a death yak

Illustrated notes

Levels and vault maps discovered:
D:1:      shiori_arrival_elements, layout_basic, minmay_octomino_e4
D:2:      layout_loops_ring
D:3:      layout_loops_ring, biasface_ghost_orc_armoury, pf_guarded_unrand_meek
D:4:      layout_loops_cross, mainiacjoe_overflow_concentric_impassable,
          minmay_temple_entry_antechambers, minmay_surrounded, uniq_eustachio,
          uniq_edmund, uniq_crazy_yiuf_cottage
D:5:      layout_basic, mainiacjoe_overflow_cross_hatched, serial_shops, shop,
          nicolae_shop_firing_range
D:6:      layout_loops_ring, mainiacjoe_overflow_catch_the_wave,
          enter_ossuary_5, serial_shops, nicolae_shop_hallway_plus,
          minmay_hedge_maze, hangedman_decor_growths
D:7:      layout_cave_pools, minmay_quadrilaterals, uniq_duvessa, uniq_joseph
D:8:      layout_loops_ring
D:9:      layout_roguey, hellmonk_lair_entry_icy, david_orc_4
D:10:     nzn_winding_woodlands_three_and_one [nzn_winding_woodlands_5x15_eye,
          nzn_winding_woodlands_5x15_default,
          nzn_winding_woodlands_5x15_sawtooth,
          nzn_winding_woodlands_center_triple_pond], layout_basic,
          nicolae_ru_path_of_blood
D:11:     layout_irregular_city, serial_ice, serial_ice_d, serial_ice_m,
          serial_ice_f, serial_ice_h, serial_ice_i, serial_ice_e, serial_ice_n,
          serial_ice_o, serial_ice_b, serial_ice_a,
          portal_ice_cave_entry_ice_simulacra
Temple:   sentei_temple_godly_chess
IceCv:    ice_cave_caverns_02

Skill      XL: |  1  2  3  4  5  6  7  8  9 10 11 12 13 |
---------------+----------------------------------------+-----
Hexes          | 4 5 6 7 8 9 10 11 | 11.6
Ranged Weapons | 3 4 6 7 9 10 12 | 12.5
Fighting       | 2 3 4 5 7 8 9 |  9.5
Fire Magic     | 1 2 3 |  3.0
Spellcasting   | 2 3 |  3.5
Invocations    | 1 3 5 6 8 9 |  9.7
Transmutations | 2 4 5 |  5.0
Translocations | 2 3 |  3.0
Shields        | 3 4 |  4.2
Dodging        | |  1.7

Action                   |  1- 3 |  4- 6 |  7- 9 | 10-12 | 13-15 || total
-------------------------+-------+-------+-------+-------+-------++-------
Melee: Quarterstaff      |       |    47 |   135 |   194 |    54 ||   430
       Punch             |       |     1 |       |       |       ||     1
 Fire: Sling             |   139 |    96 |    31 |       |       ||   266
       Arbalest          |       |       |   135 |   428 |     7 ||   570
Throw: Throwing net      |       |       |       |     3 |     1 ||     4
 Cast: Inner Flame       |       |     1 |     8 |    50 |       ||    59
       Slow              |       |       |     6 |    24 |     6 ||    36
       Portal Projectile |       |       |     1 |     8 |       ||     9
       Cause Fear        |       |       |       |     6 |       ||     6
Invok: Heroism           |       |       |     2 |     9 |     2 ||    13
       Finesse           |       |       |       |     2 |     2 ||     4
 Abil: Dig               |       |     1 |       |     4 |       ||     5
  Use: Scroll            |       |       |    11 |     6 |       ||    17
       Potion            |       |       |     3 |     4 |     5 ||    12
 Stab: Held in net/web   |       |       |       |     1 |       ||     1
       Distracted        |       |       |       |     1 |       ||     1
Armor: Robe              |    13 |    30 |   117 |   194 |    17 ||   371
Dodge: Dodged            |    48 |    53 |   205 |   226 |    12 ||   544
Block: Kite shield       |       |       |       |    56 |       ||    56
       Buckler           |       |       |       |       |     7 ||     7

Table legend: (Time is in decaauts)
 A = Elapsed time spent in this place.
 B = Non-inter-level travel time spent in this place.
 C = Inter-level travel time spent in this place.
 D = Time resting spent in this place.
 E = Time spent auto-exploring this place.
 F = Levels seen in this place.
 G = Mean time per level.
                   A        B        C        D        E       F      G
               +--------+--------+--------+--------+--------+-----+--------+
         Total |  15254 |  14788 |    466 |   4297 |   7560 |  14 | 1089.6 |
       Dungeon |  11673 |  11213 |    460 |   2022 |   7141 |  11 | 1061.2 |
        Temple |     16 |     10 |      6 |      0 |      0 |   1 |   16.0 |
       Ossuary |    364 |    364 |      0 |      4 |    161 |   1 |  364.0 |
      Ice Cave |   3200 |   3200 |      0 |   2270 |    257 |   1 | 3200.0 |
               +--------+--------+--------+--------+--------+-----+--------+

Top non-repeatable levels by time:
   IceCv: 3200 daAuts
     D:9: 1781 daAuts
    D:10: 1699 daAuts
     D:5: 1225 daAuts
     D:7: 1118 daAuts
     D:3: 1086 daAuts
     D:8: 1012 daAuts
     D:4: 994 daAuts
     D:6: 971 daAuts
     D:1: 802 daAuts
     D:2: 696 daAuts
 Ossuary: 364 daAuts
    D:11: 285 daAuts
  Temple: 16 daAuts
